 Dungeon Crawl Stone Soup version 0.24.0-13-gcf9b319 (webtiles) character file.

Game seed: 811053375136706607, levelgen mode: deterministic

6544 shmeve the Blocker (level 10, -4/93 HPs)
             Began as a Minotaur Berserker on Apr 9, 2020.
             Was a High Priest of Trog.
             Slain by a basilisk (5 damage)
             ... on level 10 of the Dungeon.
             The game lasted 00:13:35 (8863 turns).

shmeve the Blocker (Minotaur Berserker)             Turns: 8863, Time: 00:13:36

Health: -4/93      AC: 15    Str: 23    XL:     10   Next: 70%
Magic:  9/9        EV:  8    Int:  4    God:    Trog [*****.]
Gold:   824        SH: 12    Dex: 12    Spells: 9/9 levels left

rFire    . . .     SeeInvis .   C - +0 war axe
rCold    . . .     Gourm    .   F - +0 shield
rNeg     . . .     Faith    .   E - +0 plate armour
rPois    .         Spirit   .   (helmet restricted)
rElec    .         Reflect  .   (no cloak)
rCorr    +         Harm     .   o - +0 pair of gloves
MR       .....                  h - +0 pair of boots
Stlth    ..........             (no amulet)
HPRegen  0.25/turn              g - ring of resist corrosion
MPRegen  0.11/turn              (no ring)

@: berserk cooldown, slowed, very slow
A: retaliatory headbutt, horns 2
a: Berserk, Trog's Hand, Brothers in Arms, Renounce Religion


You were on level 10 of the Dungeon.
You worshipped Trog.
Trog was extremely pleased with you.
You were near starving.

You visited 1 branch of the dungeon, and saw 10 of its levels.
You also visited: Ossuary.

You collected 824 gold pieces.

Inventory:

Hand Weapons
 C - a +0 war axe (weapon)
Missiles
 n - 6 javelins
 r - 16 boomerangs (quivered)
Armour
 h - a +0 pair of boots (worn)
 o - a +0 pair of gloves (worn)
 E - a +0 plate armour (worn)
 F - a +0 shield (worn)
 K - a +0 chain mail of positive energy
Jewellery
 g - a ring of resist corrosion (left hand)
Wands
 b - a wand of polymorph (8)
 d - a wand of paralysis (14)
 v - a wand of flame (35)
Scrolls
 f - 5 scrolls of identify
 i - 3 scrolls of fog {unknown}
 j - 4 scrolls of random uselessness {unknown}
 k - 8 scrolls of remove curse {unknown}
 m - a scroll of immolation {unknown}
 q - 4 scrolls of teleportation {unknown}
 s - 3 scrolls of magic mapping {unknown}
 t - 4 scrolls of enchant armour {unknown}
 u - 3 scrolls of enchant weapon {unknown}
 y - 3 scrolls of blinking {unknown}
 B - 2 scrolls of amnesia {unknown}
 D - a scroll of noise {unknown}
 I - a scroll of silence {unknown}
Potions
 a - a potion of ambrosia {unknown}
 e - 6 potions of curing {unknown}
 l - 3 potions of lignification {unknown}
 p - a potion of berserk rage {unknown}
 w - 3 potions of degeneration {unknown}
 x - a potion of experience {unknown}
 A - 2 potions of brilliance {unknown}
 G - a potion of resistance {unknown}
 H - 3 potions of flight {unknown}
Comestibles
 c - 13 rations
 z - 3 chunks of flesh


   Skills:
 * Level 9.8 Fighting
 * Level 9.6 Axes
 + Level 5.0 Throwing
 + Level 6.8 Armour
 + Level 6.0 Dodging
 * Level 10.1 Shields


You had 9 spell levels left.
You didn't know any spells.
Your spell library was empty.

Dungeon Overview and Level Annotations

Branches:
Dungeon (10/15)              Lair (0/6) D:10        Ossuary (visited)
 Temple: D:4-7          Orc: D:9-12

Altars:
Cheibriados
Dithmenos
Fedhas
Gozag
Hepliaklqana
Kikubaaqudgha
Nemelex Xobeh
Okawaru
Qazlal
Ru
Uskayaw
Wu Jian
Xom
Yredelemnul
Jiyva


Innate Abilities, Weirdness & Mutations

You reflexively headbutt those who attack you in melee.
You have a pair of horns on your head.


Message History

The yak gores you!
* * * LOW HITPOINT WARNING * * *
The basilisk bites you.
* * * LOW HITPOINT WARNING * * *
The hound bites you but does no damage. The yak gores you.
* * * LOW HITPOINT WARNING * * *
The basilisk gazes at you. You resist with some effort.
The hound barely misses you. The hound bites you.
* * * LOW HITPOINT WARNING * * *
The yak gores you but does no damage. The basilisk gazes at you.
You resist with some effort.
You turn to flesh and can move again.
Unknown command.
You closely miss the basilisk.
The basilisk is moderately wounded.
You hit the yak. You hit the hound.
The hound bites you but does no damage. x2
The yak gores you but does no damage. The basilisk bites you.
You die...

รท...#..... ....#....#
....#....# ....#....#
....#....## ....#.....#
### ....#.....# ....
....###'############....
..).)...........@.......
...............Yhl......
....................##+#
....................#
....#'####..........+
....+....#..........####
....#....'........<.....
....##...#..###...###...
#########.....##...


You could see a yak, a basilisk and a hound.

Vanquished Creatures
  An ugly thing (D:9)
  An elephant (D:10)
  A tengu conjurer (D:9)
  A hippogriff (D:7)
  2 wyverns
  A basilisk (D:10)
  2 steam dragons
  4 orc warriors
  3 sky beasts
  An eye of draining (D:9)
  4 ice beasts
  5 ogres
  A phantom (D:10)
  4 centaurs
  A big kobold (D:8)
  3 bullfrogs
  2 scorpions
  A water moccasin zombie (D:9)
  10 killer bees
  2 water moccasin skeletons
  6 crimson imps
  A bullfrog zombie (D:5)
  2 centaur zombies
  10 orc wizards
  6 orc priests
  2 centaur skeletons
  2 bullfrog skeletons
  3 hounds
  An iron imp (D:9)
  7 jellies
  Ijyb (D:3)
  Natasha (thrice) (D:2)
  2 iguanas
  4 worker ants
  A big kobold zombie (Ossuary)
  2 hound skeletons (D:4)
  8 mummies (Ossuary)
  10 adders
  4 gnolls (D:5)
  9 oozes
  An adder zombie (D:6)
  2 adder skeletons
  A worm (D:3)
  2 dart slugs
  6 leopard geckos
  33 orcs
  3 ball pythons (D:3)
  3 giant cockroaches
  2 gnoll zombies (Ossuary)
  9 goblins
  13 hobgoblins
  9 jackals
  4 quokkas
  5 bats
  3 frilled lizards
  2 hobgoblin zombies (Ossuary)
  10 kobolds
  2 kobold zombies (Ossuary)
  A leopard gecko zombie (D:8)
  An orc zombie (Ossuary)
  4 rats
  A plant (D:10)
251 creatures vanquished.

Notes
Turn   | Place    | Note
-------+----------+-------------------------------------------
     0 | D:1      | shmeve the Minotaur Berserker began the quest for the Orb.
     0 | D:1      | Reached XP level 1. HP: 19/19 MP: 0/0
    42 | D:1      | Reached XP level 2. HP: 22/27 MP: 1/1
   576 | D:2      | Reached XP level 3. HP: 30/33 MP: 2/2
   635 | D:2      | Found a sparkling altar of Nemelex Xobeh.
   770 | D:2      | Noticed Natasha
   775 | D:2      | Killed Natasha
   775 | D:2      | Reached skill level 1 in Throwing
   783 | D:2      | Reached XP level 4. HP: 41/41 MP: 3/3
   882 | D:2      | Noticed Natasha
   889 | D:2      | Killed Natasha
   889 | D:2      | Reached ** piety under Trog
  1181 | D:2      | Noticed Natasha
  1190 | D:2      | Killed Natasha
  1230 | D:3      | Found a basalt altar of Yredelemnul.
  1296 | D:3      | Reached XP level 5. HP: 45/47 MP: 4/4
  1345 | D:3      | Reached skill level 5 in Axes
  1451 | D:3      | Noticed Ijyb
  1457 | D:3      | Reached skill level 5 in Fighting
  1458 | D:3      | Reached *** piety under Trog
  1461 | D:3      | Killed Ijyb
  1912 | D:4      | Reached XP level 6. HP: 56/56 MP: 5/5
  1960 | D:4      | Found an ornate altar of the Wu Jian Council.
  2587 | D:4      | Reached XP level 7. HP: 33/63 MP: 6/6
  3072 | D:5      | Entered Level 5 of the Dungeon
  3173 | D:5      | Reached **** piety under Trog
  3440 | D:5      | You fall into a shaft and drop 1 floor!
  3446 | D:6      | Reached XP level 8. HP: 35/73 MP: 7/7
  3803 | D:6      | Received a gift from Trog
  3803 | D:6      | Reached skill level 5 in Armour
  3927 | D:6      | Reached skill level 2 in Shields
  4073 | D:6      | Reached skill level 3 in Shields
  4078 | D:6      | Reached skill level 4 in Shields
  4092 | D:6      | HP: 3/73 [orc warrior/+0 trident (10)]
  4093 | D:6      | Reached skill level 5 in Shields
  4414 | D:6      | Found an ancient bone altar of Kikubaaqudgha.
  4578 | D:6      | Reached skill level 6 in Shields
  5083 | D:7      | Noticed a hippogriff
  5088 | D:7      | Reached skill level 7 in Shields
  5092 | D:7      | Killed a hippogriff
  5092 | D:7      | Reached XP level 9. HP: 71/79 MP: 8/8
  5102 | D:7      | Found a sand-covered staircase.
  5111 | Ossuary  | Entered an ossuary
  5602 | D:7      | Reached skill level 8 in Shields
  6054 | D:8      | Reached ***** piety under Trog
  6256 | D:8      | Found a hide-covered altar of Uskayaw.
  6256 | D:8      | Found a blossoming altar of Fedhas.
  6256 | D:8      | Found a shadowy altar of Dithmenos.
  6558 | D:8      | Reached skill level 5 in Dodging
  7086 | D:8      | Reached skill level 9 in Shields
  7128 | D:8      | Received a gift from Trog
  7226 | D:8      | Found a viscous altar of Jiyva.
  7271 | D:8      | Found a sacrificial altar of Ru.
  7272 | D:8      | Found a stormy altar of Qazlal.
  7388 | D:8      | Found a hazy altar of Hepliaklqana.
  7422 | D:8      | Found a shimmering altar of Xom.
  7422 | D:8      | Found a shimmering altar of Xom.
  7422 | D:8      | Found a shimmering altar of Xom.
  7422 | D:8      | Found a shimmering altar of Xom.
  7423 | D:8      | Found a shimmering altar of Xom.
  7448 | D:8      | Found a shimmering altar of Xom.
  7633 | D:9      | Reached XP level 10. HP: 84/90 MP: 9/9
  7794 | D:9      | Noticed a purple ugly thing
  7817 | D:9      | Killed a purple ugly thing
  8133 | D:9      | Found a snail-covered altar of Cheibriados.
  8264 | D:9      | Found an opulent altar of Gozag.
  8325 | D:9      | Found an iron altar of Okawaru.
  8753 | D:10     | Entered Level 10 of the Dungeon
  8790 | D:10     | Reached skill level 10 in Shields
  8827 | D:10     | Found a staircase to the Lair.
  8827 | D:10     | Noticed an elephant
  8850 | D:10     | Killed an elephant
  8850 | D:10     | Reached skill level 5 in Throwing
  8860 | D:10     | HP: 3/93 [basilisk (2)]
  8862 | D:10     | HP: 1/93 [hound (1)]
  8863 | D:10     | Slain by a basilisk

Levels and vault maps discovered:
D:1:      sevenhm_arrival_forest_fort_small_5, layout_rooms, serial_glass,
          glass_columns_a, glass_columns_b, minmay_tripent
D:2:      layout_loops_cross, nemelex_xobeh_ov_fountains_minmay, uniq_natasha
D:3:      layout_basic, overflow_temple_1_default,
          chequers_serial_rivers_large_a, uniq_ijyb
D:4:      layout_loops_ring, kennysheep_mini_moat, first_ration
D:5:      layout_basic, minmay_temple_entry_junction_2,
          gammafunk_ghost_nasty_kobolds, basic_altar
D:6:      layout_basic, lemuel_round_altar
D:7:      layout_basic, nicolae_ossuary_entry_ruins
D:8:      layout_rooms, old_standard_altar, gammafunk_temple_overflow_forgotten,
          gammafunk_temple_overflow_statue, hangedman_little_slice_of_home,
          xom_redecorated
D:9:      minmay_chambers_of_sevens, layout_basic, lemuel_doored_altar,
          slow_altar_2, grunt_gozag_statues
D:10:     layout_gridville, david_lair_generic, minivault_26

Skill      XL: |  1  2  3  4  5  6  7  8  9 10 |
---------------+-------------------------------+-----
Fighting       | 4 5 6 7 8 9 |  9.8
Axes           | 4 5 6 7 8 9 |  9.6
Throwing       | 1 2 3 4 5 |  5.0
Armour         | 3 4 5 6 |  6.8
Dodging        | 3 4 5 6 |  6.0
Shields        | 7 9 10 | 10.1

Action                   |  1- 3 |  4- 6 |  7- 9 | 10-12 || total
-------------------------+-------+-------+-------+-------++-------
Melee: Hand axe          |    54 |   166 |     7 |       ||   227
       Headbutt          |     5 |    36 |    61 |    28 ||   130
       War axe           |       |       |   268 |   126 ||   394
       Unarmed           |       |       |       |     7 ||     7
Throw: Boomerang         |     2 |     1 |     8 |       ||    11
Invok: Berserk           |       |     2 |     6 |     3 ||    11
  Use: Scroll            |       |       |     4 |     1 ||     5
  Eat: Chunk             |       |     7 |    19 |     5 ||    31
       Ration            |       |       |     1 |       ||     1
Armor: Animal skin       |     9 |       |       |       ||     9
       Chain mail        |    18 |    98 |   147 |    45 ||   308
       Plate armour      |       |       |       |    55 ||    55
Dodge: Dodged            |    28 |    81 |   116 |    61 ||   286
Block: Shield            |       |       |    81 |    82 ||   163
